 Dungeon Crawl Stone Soup version 0.30.0-20-g3b4254fcbd (webtiles) character file.

Game seed: 17106239734040540846

36535 Revguard the Fighter (level 13, -6/119 HPs)
             Began as a Ghoul Fighter on June 2, 2023.
             Was an Initiate of Yredelemnul.
             Mangled by a skeletal warrior
             ... wielding a +0 battleaxe
              (19 damage)
             ... on level 12 of the Dungeon.
             The game lasted 00:51:08 (16792 turns).

Revguard the Fighter (Ghoul Fighter)               Turns: 16792, Time: 00:51:08

Health: -6/119     AC: 16    Str: 23    XL:     13   Next: 90%
Magic:  18/18      EV: 24    Int:  3    God:    Yredelemnul [......]
Gold:   969        SH: 16    Dex: 10    Spells: 12/12 levels left

rFire   . . .        a - +1 war axe (elec)
rCold   + + .        s - +1 tower shield
rNeg    + + +        x - +4 chain mail
rPois   ∞            (no helmet)
rElec   .            c - +0 cloak
rCorr   .            (no gloves)
SInv    .            (no boots)
Will    .....        w - amulet of the acrobat Stlth
                     f - ring of protection from cold
HPRegen 0.00/turn    (no ring)
MPRegen 0.16/turn

%: acrobat
@: acrobatic, inhibited regen, studying Unarmed Combat
A: claws 1, cold resistance 1, negative energy resistance 3, inhibited
regeneration, torment resistance 2, devour on kill
a: Renounce Religion, Recall Undead Harvest


You were on level 12 of the Dungeon.
You worshipped Yredelemnul.
Yredelemnul was aware of your devotion.
You visited 2 branches of the dungeon, and saw 16 of its levels.

You collected 993 gold pieces.
You spent 24 gold pieces at shops.

Inventory:

Hand Weapons
 a - a +1 war axe of electrocution (weapon)
 l - the +5 hand axe of Woss {freeze, rF+ Int+4}
   (You found it on level 15 of the Dungeon)

   Int:       It affects your intelligence (+4).
   rF:        It protects you from fire.
Missiles
 A - a throwing net (quivered)
Armour
 c - a +0 cloak (worn)
 s - a +1 tower shield (worn)
 x - a +4 chain mail (worn)
Jewellery
 f - a ring of protection from cold (left claw)
 w - an amulet of the acrobat (around neck)
Wands
 i - a wand of flame (52)
 n - a wand of paralysis (9)
 u - a wand of polymorph (8)
 z - a wand of mindburst (4)
Scrolls
 g - a scroll of brand weapon
 j - 4 scrolls of fog
 k - 3 scrolls of identify
 q - 4 scrolls of teleportation
 r - 5 scrolls of magic mapping
 t - 3 scrolls of amnesia
 D - 2 scrolls of fear
Potions
 b - 2 potions of curing
 d - a potion of might
 e - 5 potions of brilliance
 h - 3 potions of cancellation
 m - a potion of flight
 o - 2 potions of mutation
 p - 2 potions of lignification
 v - 3 potions of attraction
 C - a potion of magic


   Skills:
 * Level 12.6 Fighting
 + Level 8.6 Axes
 + Level 7.9 Armour
 + Level 7.3 Dodging
 * Level 9.9 Shields
 + Level 8.6 Invocations
 + Level 7.1 Evocations


You had 12 spell levels left.
You didn't know any spells.
Your spell library contained the following spells:

 Spells                   Type           Power      Damage    Failure   Level
 Slow                     Hex            0%         N/A       100%        1
 Summon Small Mammal      Summ           0%         N/A       100%        1
 Cigotuvi's Dreadful Rot  Necr/Pois/Air  0%         N/A       100%        2
 Call Canine Familiar     Summ           0%         N/A       100%        3
 Confusing Touch          Hex            0%         N/A       100%        3
 Gell's Gravitas          Tloc           0%         N/A       100%        3
 Ignite Poison            Fire/Tmut/Pois 0%         N/A       100%        3
 Summon Guardian Golem    Hex/Summ       0%         N/A       100%        3
 Teleport Other           Tloc           0%         N/A       100%        3
 Vampiric Draining        Necr           0%         2d6       100%        3
 Dispel Undead            Necr           0%         3d6       100%        4
 Freezing Cloud           Conj/Ice/Air   0%         6-21      100%        5
 Dispersal                Tloc           0%         N/A       100%        6
 Death Channel            Necr           Unusable   N/A       N/A         6

Dungeon Overview and Level Annotations

Branches:
Dungeon (15/15)            Temple (1/1) D:5            Lair (0/5) D:8
    Orc (0/2) D:9          Vaults (0/5) D:13         Depths (0/4) D:15

Altars:
Ashenzari
Cheibriados
Dithmenos
Fedhas
Gozag
Hepliaklqana
Kikubaaqudgha
Makhleb
Nemelex Xobeh
Okawaru
Qazlal
Ru
Sif Muna
Trog
Vehumet
Wu Jian
Xom
Yredelemnul

Shops:
D:1 *

Annotations:
D:11 2 transporters


Innate Abilities, Weirdness & Mutations

You are immune to poison.
You have sharp fingernails.
Your flesh is cold resistant. (rC+)
You are immune to negative energy. (rN+++)
You do not regenerate when monsters are visible.
You are immune to unholy pain and torment.
You thrive by killing the living.


Message History

You hit the skeletal warrior but do no damage.
The skeletal warrior is almost destroyed.
The skeletal warrior hits you with a +3 halberd of venom.
* * * LOW HITPOINT WARNING * * *
Aiming: Mindburst
Press: ? - help, Shift-Dir - straight line, f - skeletal warrior
Aim: a skeletal warrior, wielding a +3 halberd of venom (almost destroyed, ally target, chance to affect: 23%)
The skeletal warrior's mind is blasted!!
You blow up the skeletal warrior!
You swap places.
You start resting.
A skeletal warrior is nearby!
Aiming: Paralyse
Press: ? - help, Shift-Dir - straight line, f - skeletal warrior
Aim: a skeletal warrior, wielding a +0 halberd (ally target, chance to affect: 7%)
Okay, then.
You swap places.
Urug throws a javelin.
The javelin barely misses the skeletal warrior.
Urug barely misses the skeletal warrior.
The skeletal warrior hits Urug with a +0 halberd!
Urug hits the skeletal warrior with a +2 double sword.
You see here a +3 halberd of venom.
You begin recalling your allies.
Urug is recalled.
You finish recalling your allies.
As you read the scroll of teleportation, it crumbles to dust.
You feel strangely unstable.
Something hits Urug!
Urug is destroyed!
Your surroundings suddenly seem different.
The skeletal warrior attacks as you move away!
The skeletal warrior completely misses you.
The skeletal warrior attacks as you move away!
You block the skeletal warrior's attack.
The skeletal warrior attacks as you move away!
You block the skeletal warrior's attack.
The skeletal warrior attacks as you move away!
The skeletal warrior hits you with a +0 battleaxe!!
You die...
Yredelemnul claims you as an undead slave.

############## #....ZZZ.....#
#.##########.#
#.##########.######
#....(............#
#..####.....#####.###
#############..#........#...#....
....ZZZ........#@##..Z...........
###.##########.#z###.....Z....)Z.
#.# #.#.# ####..)......< #.#
#.#z# #.......... #.# #.#.#
##.....###. #.# #.#.# #....## #.
#.# #z#.# #.#### #. #.# #.#.#
#.## #. #.# #.#.# #..# #.


You could see 2 skeletal warriors.

Vanquished Creatures
  A hydra (D:13)
  The ghost of EC1 the Protected, a journeyman HuFi of Hepliaklqana (D:9)
  Erica (D:8)
  6 two-headed ogres
  A centaur warrior (D:14)
  3 tengu warriors (D:15)
  A skeletal warrior (D:12)
  A deep elf pyromancer (D:12)
  A manticore (D:12)
  2 ugly things
  3 cyclopes
  Joseph (D:7)
  2 moths of wrath (D:15)
  A gargoyle (D:13)
  2 kobold demonologists
  A hornet (D:10)
  5 trolls
  Prince Ribbit (D:6)
  A dream sheep (shapeshifter) (D:15)
  2 slime creatures (D:14)
  15 yaks
  2 wraiths (D:12)
  2 wyverns
  5 vampire mosquitoes
  7 redbacks (D:13)
  A water moccasin (D:8)
  An ice beast (D:5)
  A black bear (D:5)
  2 orc warriors
  A sky beast (D:7)
  An ogre (D:6)
  6 centaurs
  A phantom (D:6)
  A kobold brigand (D:7)
  A bullfrog (D:4)
  A gnoll sergeant (D:12)
  3 scorpions
  7 killer bees
  4 crimson imps (D:5)
  2 jellies (D:6)
  5 orc priests
  3 hounds
  A sleepcap (D:4)
  2 iguanas (D:5)
  10 orc wizards
  5 gnolls
  6 adders
  A shadow imp (D:6)
  3 white imps
  3 worms
  A dart slug (D:5)
  41 orcs
  10 endoplasms
  4 giant cockroaches
  7 goblins
  17 hobgoblins
  10 jackals
  2 quokkas (D:1)
  8 ball pythons
  8 bats
  3 frilled lizards
  14 kobolds
  10 rats
275 creatures vanquished.

Vanquished Creatures (collateral kills)
  The ghost of Waecyras the Apologist, an adept KoGl of Zin (D:15)
  A stone giant (D:15)
  A catoblepas (D:15)
  A two-headed ogre (D:15)
  A boulder beetle (D:14)
  2 centaur warriors (D:15)
  3 tengu warriors
  A fire crab (shapeshifter) (D:15)
  A skeletal warrior (D:13)
  2 orc knights (D:15)
  A necromancer (D:13)
  4 ugly things
  2 cyclopes
  A gargoyle (D:12)
  A kobold demonologist (D:6)
  4 slime creatures (D:14)
  3 yaks
  A golden eye (shapeshifter) (D:15)
  5 vampire mosquitoes
  A redback simulacrum (D:14)
  An acid dragon (D:11)
  A water moccasin (D:7)
  An ice beast (D:7)
  A black bear (D:6)
  An ogre (D:6)
  A sky beast (D:7)
  A centaur (D:9)
  2 bullfrogs
  A wight (D:9)
  2 killer bees (D:9)
  2 orc priests
  A jelly (D:7)
  6 orcs
58 creatures vanquished.

Vanquished Creatures (others)
  A wizard (D:14)
  An ugly thing zombie (D:15)
  A spectral orc (D:12)
  A redback zombie (D:13)
  A spectral moth of wrath (D:15)
  A two-headed ogre zombie (D:10)
  4 vampire mosquito zombies
  A fire crab zombie (D:15)
  A wyvern zombie (D:10)
  A cyclops zombie (D:15)
  A yak zombie (D:10)
  2 centaur zombies
  3 killer bee zombies (D:9)
  An ogre zombie (D:6)
  An ice beast zombie (D:7)
  2 gnoll zombies (D:12)
  13 orc zombies
36 creatures vanquished.

Grand Total: 369 creatures vanquished

Notes
Turn   | Place    | Note
-------+----------+-------------------------------------------
     0 | D:1      | Revguard the Ghoul Fighter began the quest for the Orb.
     0 | D:1      | Reached XP level 1. HP: 19/19 MP: 0/0
   142 | D:1      | Reached XP level 2. HP: 18/26 MP: 1/1
   341 | D:1      | Reached XP level 3. HP: 23/31 MP: 2/2
   775 | D:1      | Found Weloepp's General Store.
   790 | D:1      | Bought a scroll of identify for 24 gold pieces
  1053 | D:2      | Reached skill level 1 in Invocations
  1181 | D:2      | Reached XP level 4. HP: 40/40 MP: 3/3
  1227 | D:2      | Reached skill level 1 in Dodging
  1456 | D:3      | Found a hazy altar of Hepliaklqana.
  1624 | D:3      | Reached skill level 4 in Fighting
  1631 | D:3      | Reached XP level 5. HP: 44/46 MP: 3/5
  1787 | D:3      | Reached skill level 1 in Evocations
  2286 | D:4      | Reached XP level 6. HP: 23/53 MP: 6/6
  2867 | D:5      | Entered Level 5 of the Dungeon
  3221 | D:5      | Reached XP level 7. HP: 60/60 MP: 7/7
  3255 | D:5      | Reached skill level 5 in Fighting
  3352 | D:5      | Found a shimmering altar of Xom.
  3596 | D:5      | Reached XP level 8. HP: 69/69 MP: 9/9
  3625 | D:5      | Found a staircase to the Ecumenical Temple.
  3638 | Temple   | Entered the Ecumenical Temple
  3872 | Temple   | Became a worshipper of Yredelemnul the Dark
  4051 | D:6      | Found an ornate altar of the Wu Jian Council.
  4120 | D:6      | Reached * piety under Yredelemnul
  4157 | D:6      | Noticed Prince Ribbit
  4169 | D:6      | Killed Prince Ribbit
  4204 | D:6      | Reached skill level 6 in Fighting
  4396 | D:6      | Reached ** piety under Yredelemnul
  4563 | D:6      | Noticed a kobold demonologist
  4564 | D:6      | Noticed a red devil
  4574 | D:6      | Killed a kobold demonologist
  4575 | D:6      | Reached skill level 5 in Axes
  4575 | D:6      | Reached XP level 9. HP: 23/78 MP: 10/10
  4913 | D:7      | Reached skill level 7 in Fighting
  4948 | D:7      | Noticed Joseph
  4966 | D:7      | Killed Joseph
  5169 | D:7      | Reached *** piety under Yredelemnul
  5529 | D:7      | Found a shimmering blue altar of Sif Muna.
  5688 | D:8      | Reached skill level 5 in Armour
  5688 | D:8      | Reached skill level 5 in Shields
  5688 | D:8      | Reached XP level 10. HP: 33/88 MP: 12/12
  5691 | D:8      | Reached skill level 8 in Fighting
  5886 | D:8      | Reached skill level 5 in Invocations
  6063 | D:8      | Identified the +0 mace of Jydexuorph {spect, Fragile rN+++
                  | Str+3 Dex-2 SInv}
  6080 | D:8      | Reached **** piety under Yredelemnul
  6114 | D:8      | Found a staircase to the Lair.
  6144 | D:8      | Noticed Erica
  6153 | D:8      | Killed Erica
  6823 | D:8      | Found an iron altar of Okawaru.
  6833 | D:8      | Reached ***** piety under Yredelemnul
  7152 | D:9      | Noticed a two-headed ogre
  7160 | D:9      | Killed a two-headed ogre
  7213 | D:9      | Found a staircase to the Orcish Mines.
  7325 | D:9      | Noticed a tengu warrior
  7326 | D:9      | Noticed EC1's ghost (journeyman HuFi)
  7327 | D:9      | Found a transporter.
  7327 | D:9      | Noticed a green ugly thing
  7430 | D:9      | Found a transporter.
  7512 | D:9      | Reached skill level 9 in Fighting
  7615 | D:9      | Reached XP level 11. HP: 70/97 MP: 14/14
  8005 | D:9      | Killed a green ugly thing
  8006 | D:9      | Reached skill level 5 in Dodging
  8009 | D:9      | Killed a tengu warrior
  8018 | D:9      | Killed EC1's ghost
  8019 | D:9      | Reached skill level 5 in Evocations
  8029 | D:9      | Identified the +6 dagger of the Puffin {freeze, rPois rN++}
  8086 | D:10     | Entered Level 10 of the Dungeon
  8170 | D:10     | Noticed a two-headed ogre
  8177 | D:10     | Killed a two-headed ogre
  8413 | D:10     | Noticed a two-headed ogre
  8422 | D:10     | Killed a two-headed ogre
  8437 | D:10     | Reached skill level 10 in Fighting
  8659 | D:10     | Identified the +3 flail of Wuirhuci {freeze, rC- Will+
                  | Str+3}
  9601 | D:11     | Found a transporter.
  9605 | D:11     | Found a transporter.
  9605 | D:11     | Found a transporter.
  9607 | D:11     | Found a transporter.
  9615 | D:11     | Noticed a cyclops
  9622 | D:11     | Killed a cyclops
  9999 | D:12     | Reached XP level 12. HP: 106/107 MP: 16/16
 11915 | D:13     | Noticed a two-headed ogre
 11922 | D:13     | Killed a two-headed ogre
 12034 | D:13     | Noticed Urug
 12039 | D:13     | Reached skill level 11 in Fighting
 12041 | D:13     | Killed Urug
 12041 | D:13     | Enslaved Urug
 12063 | D:13     | Noticed a six-headed hydra
 12067 | D:13     | Killed a six-headed hydra
 12673 | D:13     | Noticed a two-headed ogre
 12680 | D:13     | Killed a two-headed ogre
 12680 | D:13     | Reached ****** piety under Yredelemnul
 12688 | D:13     | Found a gate to the Vaults.
 12948 | D:14     | Noticed a centaur warrior
 12953 | D:14     | Killed a centaur warrior
 13125 | D:14     | Noticed a boulder beetle
 13130 | D:14     | Killed a boulder beetle
 13487 | D:14     | Identified the +4 dagger "Joituipt" {flame, Will+}
 13498 | D:14     | Reached XP level 13. HP: 104/116 MP: 17/17
 13935 | D:14     | Found a bloodstained altar of Trog.
 14103 | D:15     | Entered Level 15 of the Dungeon
 14416 | D:15     | Reached skill level 12 in Fighting
 14614 | D:15     | Found a transporter.
 15323 | D:15     | Found a staircase to the Depths.
 15323 | D:15     | Noticed a stone giant
 15333 | D:15     | Killed a stone giant
 15605 | D:15     | Found a transporter.
 15606 | D:15     | Noticed Waecyras's ghost (adept KoGl)
 15609 | D:15     | Found a bloodstained altar of Trog.
 16610 | D:15     | Killed Waecyras's ghost
 16645 | D:15     | Identified the +5 hand axe of Woss {freeze, rF+ Int+4}
 16771 | D:12     | Your ally Urug died
 16792 | D:12     | Mangled by a skeletal warrior

Illustrated notes

Levels and vault maps discovered:
D:1:      matt_arrival_grand_opening, layout_rooms, serial_shops, shop,
          minmay_misc_feat_x, minmay_misc_feat_roman, interstate_on_off
D:2:      layout_basic
D:3:      layout_basic, amcnicky_altar_gilded, amcnicky_mini_pool_small,
          minmay_diced_spiral
D:4:      layout_basic
D:5:      layout_loops_ring, led_xom_imps, minmay_temple_entry_poolview
D:6:      layout_gridville, lemuel_crystal_altar, minmay_manual_macuahuitl,
          uniq_prince_ribbit1
D:7:      layout_cave_pools, nicolae_overflow_hidden_temple, uniq_joseph
D:8:      hellmonk_destroyed_diamonds, layout_layer_cave,
          okawaru_altar_gauntlet_db, dpeg_oklobed_lair, uniq_erica
D:9:      layout_stronghold, hiddenorc1_lemuel, gammafunk_ghost_arena
D:10:     layout_basic, grunt_ogre_cave
D:11:     layout_roguey, minmay_misc_feat_alley, nicolae_diode_intersection
D:12:     layout_loops_ring
D:13:     layout_gridville, david_vaults_1, drop_trap, uniq_urug
D:14:     layout_long_grid, reono_crystal_passage, bloody_trog
D:15:     grunt_enter_depths_snipers, layout_basic, grunt_decor_cap,
          serial_co_window_serial, co_window_of_opportunity_a,
          co_window_of_opportunity_a, co_window_corner_a, co_window_cross_1,
          co_window_corner_a, co_window_paths_b, co_window_corner_a,
          co_window_corner_a, co_window_of_opportunity_a, co_window_cross_2,
          co_window_unsneaky_path_c, co_window_of_opportunity_b,
          co_window_paths_d, glass_columns_a, glass_columns_b, glass_columns_a,
          glass_columns_b, gammafunk_ghost_wrathful_warriors
Temple:   regret_index_temple_generic_petals

Skill      XL: |  1  2  3  4  5  6  7  8  9 10 11 12 13 |
---------------+----------------------------------------+-----
Axes           | 2 3 4 5 6 7 8 |  8.6
Invocations    | 1 2 3 4 5 6 7 8 |  8.6
Dodging        | 1 2 3 4 5 6 7 |  7.3
Armour         | 3 4 5 6 7 |  7.9
Fighting       | 4 5 6 7 9 10 11 12 | 12.6
Shields        | 3 4 5 6 7 8 9 |  9.9
Evocations     | 1 2 3 4 5 6 7 |  7.1

Action                     |  1- 3 |  4- 6 |  7- 9 | 10-12 | 13-15 || total
---------------------------+-------+-------+-------+-------+-------++-------
  Melee: War axe           |   124 |   161 |   137 |   372 |   136 ||   930
 Invoke: Recall Undead Har |       |       |     2 |     3 |     6 ||    11
         Dark Bargain      |       |       |     1 |       |       ||     1
         Bind Soul         |       |       |       |     1 |       ||     1
         Drain Life        |       |       |       |       |     1 ||     1
  Evoke: Wand              |       |       |     6 |    11 |    10 ||    27
    Use: Scroll            |     1 |    19 |     1 |     9 |     7 ||    37
         Potion            |       |     3 |     3 |     6 |     6 ||    18
   Stab: Paralysed         |       |       |     3 |    11 |       ||    14
         Distracted        |       |       |     1 |     1 |       ||     2
 Armour: Scale mail        |    59 |     8 |       |       |       ||    67
         Chain mail        |       |    91 |    67 |   164 |    79 ||   401
         Plate armour      |       |       |    12 |     5 |       ||    17
  Dodge: Dodged            |    62 |    69 |    74 |   152 |    44 ||   401
  Block: Buckler           |    26 |    39 |    37 |       |       ||   102
         Tower shield      |       |       |     9 |   367 |   153 ||   529
